 Dungeon Crawl Stone Soup version 0.20.1-1-g8b1a95d (webtiles) character file.

665725 equalderp2856 the Impregnable (level 27, 0/254 HPs)
             Began as a Minotaur Fighter on Sept 3, 2017.
             Killed from afar by a starcursed mass (7 damage)
             ... with an accursed screaming
             ... on level 1 of the Abyss on Sept 4, 2017.
             The game lasted 07:27:01 (121667 turns).

equalderp2856 the Impregnable (Minotaur Fighter)  Turns: 121667, Time: 07:27:02

Health: 0/254      AC: 53    Str: 21    XL:     27
Magic:  38/38      EV: 15    Int: 15    God:
Gold:   2368       SH:  0    Dex: 15    Spells: 44/51 levels left

rFire    + . .     SeeInvis +   g - +2 broad axe (elec)
rCold    . . .     Gourm    .   E - +2 shield {rF+}
rNeg     . . .     Faith    .   N - +8 orange crystal plate armour {Archmagi, Int+3 Clar}
rPois    +         Spirit   .   V - +2 hat {SInv}
rElec    .         Reflect  .   P - +2 cloak {rPois}
rCorr    .         Harm     .   a - +2 pair of gloves {Dex+3}
MR       +++..     Clarity  +   Q - +2 pair of boots Stlth ..........Rnd*Tele +
                                x - amulet of regeneration
Regen    0.0/turn               u - +3 ring of evasion
MPRegen  0.3/turn               S - ring of protection from magic

@: confused, about to teleport, very slightly contaminated, studying Stealth
A: retaliatory headbutt, horns 2, [clumsy 2], sense surroundings 1, screaming
2[+1], [inhibited regeneration], [teleportitis 2], no potion heal 1, subdued
magic 2, MP-powered wands
}: 2/15 runes: decaying, gossamer
a: no special abilities


You were on level 1 of the Abyss.
You were not hungry.

You visited 10 branches of the dungeon, and saw 48 of its levels.
You visited the Abyss 4 times.
You also visited: Ossuary and Ice Cave.

You collected 6675 gold pieces.
You spent 4307 gold pieces at shops.

Inventory:

Hand Weapons
 g - a +2 broad axe of electrocution (weapon)
Armour
 a - a +2 pair of gloves of dexterity (worn)
 c - a +2 cloak
 t - a +2 hat
 E - a +2 shield of fire resistance (worn)
 N - the +8 orange crystal plate armour (worn) {Archmagi, Int+3 Clar}
   (You bought it in a shop on level 9 of the Dungeon)

   It affects your intelligence (+3).
   It protects you against confusion.
 P - a +2 cloak of poison resistance (worn)
 Q - a +2 pair of boots (worn)
 R - +2 pearl dragon scales
 V - a +2 hat of see invisible (worn)
Jewellery
 n - an uncursed amulet of guardian spirit
 o - the amulet "Tiluim" {+Rage rF+}
   (You found it on level 3 of the Elven Halls)

   [amulet of rage]

   It protects you from fire.
   It lets you go berserk.
 u - a +3 ring of evasion (left hand)
 x - an amulet of regeneration (around neck)
 G - an uncursed ring of protection from cold
 M - the amulet "Zohumyux" {Faith +Inv rElec}
   (You found it on level 3 of the Elven Halls)

   [amulet of faith]

   It allows you to gain divine favour quickly.
   It insulates you from electricity.
   It lets you turn invisible.
 S - a ring of protection from magic (right hand)
 W - the ring of Gulof {+Fly rPois rN+}
   (You found it on level 3 of the Crypt)

   [ring of positive energy]

   It protects you from poison.
   It protects you from negative energy.
   It lets you fly.
 X - an uncursed ring of wizardry
Wands
 i - a wand of confusion (17/48)
 z - a wand of disintegration (12/24)
 C - a wand of acid (15/15)
 H - a wand of paralysis (11/24)
 L - a wand of digging (14/24)
 U - a wand of polymorph (18/24) (quivered)
Scrolls
 b - 2 scrolls of enchant weapon
 e - a scroll of acquirement
 h - 4 scrolls of amnesia
 q - a scroll of identify
 r - 7 scrolls of teleportation
 s - 10 scrolls of fear
 v - 2 scrolls of fog
 B - 15 scrolls of remove curse
 O - 2 scrolls of summoning
 T - 2 scrolls of blinking
Potions
 d - 10 potions of might
 j - 4 potions of cancellation
 k - 2 potions of berserk rage
 l - 4 potions of resistance
 p - 10 potions of haste
 I - 4 potions of ambrosia
 K - 9 potions of agility
 Z - a potion of brilliance
Books
 Y - a manual of Stealth
Miscellaneous
 w - a lightning rod (4/4)
 y - a lamp of fire
 D - a phial of floods
 F - a lightning rod (4/4)
 J - a sack of spiders
Comestibles
 f - 12 bread rations
 m - 17 meat rations


   Skills:
 - Level 22.2 Fighting
 + Level 26.7(26.8) Axes
   Level 5.4(19.1) Polearms
 + Level 26.8 Armour
 - Level 12.3 Dodging
 - Level 4.4 Stealth
 - Level 25.2 Shields
 - Level 12.7 Spellcasting
 - Level 7.1 Charms
 - Level 8.0 Earth Magic
 - Level 1.9 Evocations


You had 44 spell levels left.
You knew the following spells:

 Your Spells              Type           Power        Failure   Level  Hunger
a - Passwall              Tmut/Erth      ###.......   16%         2    None
b - Swiftness             Chrm/Air       ###.....     19%         2    None
c - Stone Arrow           Conj/Erth      ###...       30%         3    None


Dungeon Overview and Level Annotations

Branches:
Dungeon (15/15)            Temple (0/1) D:5            Lair (6/6) D:9
  Swamp (4/4) Lair:2       Spider (4/4) Lair:3        Slime (0/5) Lair:6
    Orc (2/2) D:11            Elf (3/3) Orc:2        Vaults (4/5) D:13
  Crypt (3/3) Vaults:2       Tomb (0/3) Crypt:3      Depths (5/5) D:15
   Hell (1/1)                 Dis (0/7) Hell            Geh (0/7) Hell
    Coc (0/7) Hell            Tar (0/7) Hell            Zot (0/5) Depths:5

Altars:
Ashenzari
Cheibriados
Fedhas
Gozag
Nemelex Xobeh
Okawaru
Qazlal
Trog
Zin
The Shining One
Jiyva
Lugonu

Shops:
D:9 [   D:15 *   Orc:2 ?:*[   Elf:2 !}[   Vaults:2 [

Portals:
Hell: Depths:1 Depths:2 Depths:3 Depths:4 Depths:5
Abyss: Depths:1 Depths:4
Pandemonium: Orc:2 Depths:3
Ziggurat: Depths:1
Trove: Vaults:2 (give 14 scrolls of teleportation)


Innate Abilities, Weirdness & Mutations

You reflexively headbutt those who attack you in melee.
You have a pair of horns on your head.
You passively map a small area around you.
Potions are less effective at restoring your health.
Your spells are easier to cast, but less powerful.
You expend magic power (3 MP) to strengthen your wands.
[You are very clumsy. (Dex -4)]
[You frequently scream uncontrollably at your foes.]
[You do not regenerate when monsters are visible.]
[You are sometimes teleported next to monsters.]


Message History

Blink to where?
Press: ? - help, Dir - move target cursor You are very lightly contaminated with residual magic.
As you read the scroll of blinking, it crumbles to dust.
A starcursed mass comes into view.
Okay, then.
A starcursed mass splits.
Okay, then.
As you read the scroll of teleportation, it crumbles to dust.
You feel strangely unstable.
You feel the power of the Abyss delaying your translocation!
A starcursed mass splits.
A lich comes into view.
Unknown command.
You are confused.
Your system partially rejects the healing.
You feel invigorated.
The lich shouts!
A chorus of shrieks assaults your mind.
You die...

#.. ..# . # #.. ..# #..# .
#.. #..# #..#
..#####'####'####### #
..##
...X...........%.L.....
...X...........3...... ..
....X......#.........5. .#
..........@5.u....ยง.u. .
#
....#########..########3.#
. .# #.3# # . #. #..#.
..#' .. ..# #. .. . #.
..#.. #


You could see 3 starcursed masses, a white very ugly thing, a lich, a smoke
demon and an ufetubus.

Vanquished Creatures
  2 ancient liches
  2 juggernauts
  Bai Suzhen (Crypt:2)
  the Lernaean hydra (Swamp:3)
  Geryon (Hell)
  3 golden dragons
  Jory (Crypt:3)
  5 bone dragons
  A hellephant (Abyss:2)
  3 tentacled monstrosities
  3 liches
  3 titans
  2 Ice Fiends (IceCv)
  Asterion (Spider:1)
  2 deep elf blademasters
  A quicksilver dragon (Depths:2)
  Murray (Depths:5)
  2 deep elf master archers (Elf:3)
  Frances (D:13)
  22 tentacled starspawn
  Gastronok (D:10)
  5 ancient champions
  6 storm dragons
  7 shadow dragons
  7 sphinxes
  2 thorn hunters
  Kirke (Orc:2)
  Roxanne (Swamp:1)
  3 tengu reavers (Vaults:4)
  6 revenants
  A frost giant (shapeshifter) (Depths:2)
  14 fire giants
  2 iron dragons
  11 vault wardens
  8 frost giants
  A draconian scorcher (Abyss:2)
  8 ghost moths
  2 curse skulls
  A balrug (Hell)
  Aizul (Swamp:1)
  9 deep elf sorcerers
  3 angels
  2 orc warlords (Vaults:4)
  7 deep elf elementalists
  A caustic shrike zombie (Crypt:2)
  3 emperor scorpions
  A cacodemon (Abyss:1)
  A ghoul (Vaults:2)
  2 spriggan defenders (Depths:4)
  9 reapers
  2 draconian stormcallers
  The ghost of Amon001 the Brawler, an adept VSFi of Okawaru (Elf:2)
  36 very ugly things
  17 ironheart preservers
  A war gargoyle (Vaults:4)
  20 stone giants
  A green draconian (Abyss:1)
  20 vampire knights
  6 entropy weavers
  12 deep elf demonologists
  2 white draconians (Depths:5)
  2 lorocyprocas
  A purple draconian (Depths:5)
  8 deep elf annihilators
  16 spark wasps
  2 green deaths
  A red draconian (Depths:5)
  7 ettins
  11 eidola
  2 blizzard demons (Depths:5)
  A crystal guardian (Abyss:1)
  18 yaktaur captains
  9 deep elf death magi
  12 jiangshi
  A quicksilver dragon zombie (Crypt:2)
  11 rakshasas
  Snorg (D:13)
  15 fire dragons
  10 ice dragons
  A minotaur (shapeshifter) (Depths:5)
  13 great orbs of eyes
  5 deep elf high priests
  A naga warrior (Abyss:1)
  36 vault guards
  4 ghost crabs
  2 spriggan air magi
  23 hydras
  55 two-headed ogres
  A catoblepas (shapeshifter) (Vaults:3)
  12 centaur warriors
  3 catoblepae (Lair:6)
  32 dancing weapons
  3 death knights
  The ghost of equalderp2856 the Cleaver, a novice MiFi (D:8)
  11 deep troll shamans
  A queen ant (Lair:4)
  13 hell hogs
  11 alligators
  The ghost of Scuka the Bludgeoner, a novice MiFi of Okawaru (D:9)
  14 ogre magi
  20 thrashing horrors
  10 vampire magi
  2 spriggan berserkers
  6 orc high priests (Orc:2)
  2 tengu warriors
  14 death yaks
  10 deep troll earth magi
  A storm dragon zombie (Crypt:3)
  A shock serpent (shapeshifter) (Vaults:4)
  A titan zombie (Crypt:1)
  34 deep elf knights
  Nergalle (D:11)
  8 soul eaters
  12 sun demons
  11 hell knights
  49 skeletal warriors
  18 wretched stars
  6 shadow wraiths
  2 golden dragon zombies (Crypt:3)
  2 iron trolls (Depths:5)
  6 sixfirhies (Abyss:1)
  3 unseen horrors
  2 ghost moth zombies
  3 spatial maelstroms
  A spriggan druid (Swamp:1)
  An anaconda zombie (Crypt:1)
  32 deep trolls
  11 flayed ghosts
  A shadow dragon zombie (Crypt:1)
  10 swamp dragons
  3 gelid demonspawn
  21 ironbrand convokers
  A shadow demon (Abyss:2)
  A shambling mangrove (Swamp:1)
  11 glowing orange brains
  2 glowing orange brains (shapeshifter)
  3 anaconda skeletons
  A lindwurm (Lair:4)
  6 wizards
  A golden dragon skeleton (Crypt:2)
  12 phantasmal warriors
  29 deep elf archers
  10 necromancers
  18 orc knights
  A shadow dragon skeleton (Hell)
  8 cyclopes
  A fire giant zombie (Hell)
  20 orb spiders
  84 deep elf magi
  A shining eye (shapeshifter) (Vaults:4)
  A mana viper (shapeshifter) (D:13)
  80 ugly things
  3 cyclopes (shapeshifter)
  A shining eye (Depths:1)
  A stone giant zombie (Hell)
  8 orc sorcerers
  A wolf spider (shapeshifter) (Elf:2)
  2 salamanders (shapeshifter) (Vaults:4)
  36 wolf spiders
  2 iron dragon zombies (Crypt:3)
  2 manticores (Lair:6)
  6 worldbinders
  A black mamba (shapeshifter) (Depths:4)
  2 frost giant skeletons
  2 black mambas
  3 frost giant zombies
  4 rust devils
  A moth of wrath (Spider:1)
  2 guardian serpents
  11 smoke demons
  17 vault sentinels
  2 dire elephant zombies
  9 orange demons
  4 ice statues
  3 apocalypse crabs (Abyss:1)
  Psyche (D:7)
  A gargoyle (D:12)
  23 spiny frogs
  A naga mage (D:15)
  2 fire giant skeletons
  Joseph (D:8)
  3 eyes of devastation (Depths:3)
  A death yak zombie (Crypt:2)
  A torpor snail (Lair:4)
  A shock serpent skeleton (Abyss:2)
  A grey draconian zombie (Crypt:2)
  A yaktaur (shapeshifter) (Depths:1)
  3 rime drakes
  36 yaktaurs
  2 tormentors
  5 efreet
  26 demonic crawlers
  20 ice devils
  4 komodo dragons
  A catoblepas zombie (Crypt:1)
  A harpy zombie (Abyss:1)
  A red draconian skeleton (Crypt:1)
  18 freezing wraiths
  2 hellwings (Abyss:1)
  A purple draconian skeleton (Crypt:3)
  3 tengu conjurers
  16 ancient zymes
  A meliai (shapeshifter) (Abyss:1)
  12 trolls
  A troll (shapeshifter) (Vaults:3)
  4 hydra zombies
  7 tyrant leeches
  A polar bear (Lair:6)
  A red devil (Hell)
  46 jumping spiders
  10 bog bodies
  A hornet (shapeshifter) (Elf:2)
  A harpy skeleton (Crypt:2)
  Grinder (D:6)
  20 hornets
  3 hydra skeletons (Hell)
  47 slime creatures
  A blink frog (shapeshifter) (Vaults:4)
  2 alligator zombies (Hell)
  20 blink frogs
  A guardian serpent zombie (Crypt:3)
  An ettin zombie (Crypt:2)
  A frost giant simulacrum (Abyss:1)
  12 hippogriffs
  6 dream sheep
  A raiju (shapeshifter) (Abyss:1)
  A meliai zombie (D:14)
  33 raiju
  A redback (shapeshifter) (Depths:4)
  An ice dragon zombie (Hell)
  An ettin skeleton (Crypt:1)
  A spriggan (shapeshifter) (Depths:4)
  A black mamba zombie (Abyss:2)
  A fire dragon skeleton (Crypt:1)
  17 flying skulls
  4 air elementals
  5 shadows
  14 wraiths
  14 ynoxinuls
  86 redbacks
  3 spriggans
  9 water elementals
  96 yaks
  2 yaks (shapeshifter)
  22 vampires (Crypt:3)
  A tarantella (shapeshifter) (Depths:5)
  A hog (shapeshifter) (Elf:3)
  3 hogs (Orc:2)
  29 tarantellas
  4 wyverns
  2 fire bats (Abyss:2)
  6 hungry ghosts
  6 golden eyes
  A golden eye (shapeshifter) (D:15)
  A steam dragon (D:13)
  25 vampire mosquitoes
  A black mamba skeleton (Hell)
  8 basilisks
  A human simulacrum (Vaults:3)
  A wind drake skeleton (Crypt:3)
  13 fire elementals
  17 chaos spawn
  14 neqoxecs
  A swamp worm (shapeshifter) (Vaults:3)
  47 large abominations
  4 insubstantial wisps
  A spatial vortex (Abyss:1)
  9 wargs
  24 swamp worms
  An acid dragon (D:13)
  2 spiny frog zombies
  3 hell hounds
  A water moccasin (shapeshifter) (Elf:3)
  11 water moccasins
  10 porcupines
  11 soldier ants
  A floating eye (shapeshifter) (Vaults:3)
  10 swamp drakes
  A hornet zombie (D:9)
  2 floating eyes (Depths:3)
  A black bear (D:7)
  A necrophage (Crypt:1)
  An ettin simulacrum (Abyss:1)
  53 orc warriors
  2 phantoms
  6 sky beasts
  8 ice beasts
  3 eyes of draining
  4 boggarts (Vaults:1)
  A fire dragon simulacrum (Abyss:2)
  43 ogres
  An eye of draining (shapeshifter) (D:13)
  11 wolves
  The ghost of CalmDownMonkey the Poker, an amateur MfGl (D:4)
  An elephant skeleton (Crypt:2)
  A manticore skeleton (Abyss:1)
  31 centaurs
  4 elf zombies
  6 big kobolds
  8 crocodiles
  A yaktaur zombie (Crypt:2)
  49 small abominations
  A gnoll sergeant (D:8)
  Blork the orc (D:6)
  22 bullfrogs
  An elf skeleton (Abyss:1)
  2 yaktaur skeletons
  6 earth elementals
  A wyvern zombie (D:14)
  A spiny frog simulacrum (Abyss:2)
  An elf simulacrum (Vaults:1)
  A troll zombie (Crypt:3)
  8 scorpions
  10 killer bees
  A snapping turtle simulacrum (Crypt:1)
  11 wights
  3 electric eels
  11 crimson imps
  9 howler monkeys
  7 centaur zombies
  67 starcursed masses
  8 quasits
  A bullfrog zombie (D:8)
  7 hounds
  7 iron imps (Abyss:1)
  5 jellies
  A gnoll shaman (D:6)
  33 orc priests
  4 bullfrog skeletons
  6 centaur skeletons
  17 orc wizards
  5 hell rats
  4 iguanas
  37 worker ants
  2 killer bee zombies
  A crocodile zombie (Crypt:2)
  2 big kobold zombies (Ossuary)
  A tengu zombie (Crypt:3)
  A big kobold skeleton (Crypt:3)
  3 mummies
  A worker ant zombie (Crypt:3)
  12 gnolls
  17 adders
  3 shadow imps
  17 white imps
  11 ufetubi
  2 oozes
  An adder zombie (D:7)
  A worm zombie (Crypt:3)
  A lava snake skeleton (Crypt:1)
  8 worms
  3 dart slugs
  6 leopard geckos
  132 orcs
  A ball python (D:6)
  4 bats
  2 bat skeletons
  4 giant cockroaches
  10 goblins
  6 hobgoblins
  9 jackals
  3 quokkas
  2 frilled lizards
  A goblin zombie (Ossuary)
  4 hobgoblin zombies (Ossuary)
  26 kobolds
  14 kobold zombies
  9 orc zombies (Ossuary)
  A quokka skeleton (D:6)
  10 rats
  2 rat zombies (Ossuary)
  2 crawling corpses (Elf:3)
  4 lurking horrors
  4 plants
  13 starspawn tentacles
3245 creatures vanquished.

Vanquished Creatures (others)
  An ice dragon (Depths:4)
  A rakshasa (Vaults:2)
  A deep elf knight (Elf:2)
  A wizard (Depths:2)
  An orb spider (Spider:3)
  A smoke demon (Abyss:1)
  A blink frog (Abyss:1)
  A flying skull (Abyss:2)
  3 humans (Elf:1)
  An insubstantial wisp (Abyss:1)
  An ogre (Depths:1)
  4 centaurs (D:11)
  3 small abominations (Abyss:1)
  An orc priest (Vaults:1)
  A starcursed mass (Abyss:1)
  A centaur simulacrum (Abyss:1)
  3 white imps (IceCv)
  An ufetubus (Abyss:2)
  An orc (Vaults:2)
  8 fungi
  3 lurking horrors (Abyss:1)
  5 plants
  59 starspawn tentacles
103 creatures vanquished.

Grand Total: 3348 creatures vanquished

Notes
Turn   | Place    | Note
-------+----------+-------------------------------------------
     0 | D:1      | equalderp2856 the Minotaur Fighter began the quest for the Orb.
     0 | D:1      | Reached XP level 1. HP: 19/19 MP: 0/0
   417 | D:1      | Reached XP level 2. HP: 26/27 MP: 1/1
   922 | D:2      | Found an opulent altar of Gozag.
   966 | D:2      | Reached XP level 3. HP: 29/33 MP: 2/2
  1789 | D:3      | Found a blossoming altar of Fedhas.
  1858 | D:3      | Reached XP level 4. HP: 28/41 MP: 3/3
  2362 | D:3      | Found an iron altar of Okawaru.
  2507 | D:4      | Found a shattered altar of Ashenzari.
  2624 | D:4      | Noticed CalmDownMonkey's ghost (amateur MfGl)
  2728 | D:4      | Reached XP level 5. HP: 29/47 MP: 4/4
  2990 | D:4      | Reached skill level 5 in Axes
  3199 | D:4      | Killed CalmDownMonkey's ghost
  3199 | D:4      | Reached XP level 6. HP: 39/53 MP: 5/5
  3290 | D:4      | Reached skill level 5 in Armour
  3471 | D:5      | Entered Level 5 of the Dungeon
  3475 | D:5      | Found a glowing golden altar of the Shining One.
  3504 | D:5      | Noticed a sky beast
  3656 | D:5      | Found a staircase to the Ecumenical Temple.
  3752 | D:5      | Reached skill level 5 in Shields
  3835 | D:5      | Killed a sky beast
  3883 | D:5      | Found an iron altar of Okawaru.
  4097 | D:6      | Noticed Grinder
  4098 | D:6      | Paralysed by Grinder for 3 turns
  4103 | D:6      | Paralysed by Grinder for 3 turns
  4113 | D:6      | Killed Grinder
  4113 | D:6      | Reached skill level 5 in Fighting
  4113 | D:6      | Reached XP level 7. HP: 44/61 MP: 6/6
  4164 | D:6      | Got a faintly glowing ring mail
  4180 | D:6      | Identified the +4 ring mail of Greater Demons {Regen+ Str+7} (You found it on level 6 of the Dungeon)
  4286 | D:6      | Got a transparent ring mail
  4298 | D:6      | Identified the cursed +0 ring mail "Puilaah" {Str+5 Int-2 Dex+5} (You found it on level 6 of the Dungeon)
  4308 | D:6      | Noticed Blork the orc
  4315 | D:6      | Killed Blork the orc
  4751 | D:6      | Reached XP level 8. HP: 59/68 MP: 7/7
  5185 | D:7      | Noticed a hippogriff
  5194 | D:7      | Killed a hippogriff
  5194 | D:7      | Reached skill level 1 in Dodging
  5207 | D:7      | Noticed a two-headed ogre
  5230 | D:7      | Found a sand-covered staircase.
  5240 | Ossuary  | Entered an ossuary
  5707 | Ossuary  | Reached XP level 9. HP: 73/75 MP: 8/8
  6611 | D:8      | Noticed Psyche
  6619 | D:7      | Reached skill level 10 in Axes
  6881 | D:6      | Killed a two-headed ogre
  6885 | D:6      | Got a twisted long sword {drain}
  7199 | D:7      | Found a bloodstained altar of Trog.
  7270 | D:7      | Found a stormy altar of Qazlal.
  7272 | D:7      | Found a glowing silver altar of Zin.
  7409 | D:7      | Found a snail-covered altar of Cheibriados.
  7474 | D:7      | Reached XP level 10. HP: 86/86 MP: 9/9
  7488 | D:7      | Killed Psyche
  7617 | D:8      | Noticed equalderp2856's ghost (novice MiFi)
  8257 | D:8      | Reached skill level 10 in Shields
  8342 | D:8      | Noticed a two-headed ogre
  8358 | D:8      | Killed a two-headed ogre
  8386 | D:8      | Noticed Joseph
  8399 | D:8      | Killed Joseph
  8645 | D:8      | Killed equalderp2856's ghost
  9124 | D:9      | Noticed Scuka's ghost (novice MiFi)
  9157 | D:9      | Killed Scuka's ghost
  9157 | D:9      | Reached XP level 11. HP: 42/95 MP: 10/10
  9370 | D:9      | Noticed a two-headed ogre
  9377 | D:9      | Killed a two-headed ogre
  9427 | D:9      | Found Itues's Antique Armour Emporium.
  9430 | D:9      | Bought an embroidered cloak for 187 gold pieces
  9430 | D:9      | Bought a pair of embroidered boots for 187 gold pieces
  9920 | D:9      | Noticed a death yak
  9921 | D:9      | Found a staircase to the Lair.
  9921 | D:9      | Noticed a death yak
  9921 | D:9      | Noticed a death yak
  9922 | D:9      | Noticed a death yak
  9922 | D:9      | Noticed a death yak
  9922 | D:9      | Noticed a death yak
  9929 | D:9      | Noticed a two-headed ogre
  9934 | D:9      | Killed a death yak
  9946 | D:9      | Killed a death yak
  9946 | D:9      | Reached skill level 10 in Armour
  9954 | D:9      | Killed a death yak
  9962 | D:9      | Killed a death yak
  9968 | D:9      | Killed a death yak
 10053 | D:8      | Killed a death yak
 10464 | D:9      | Found a sparkling altar of Nemelex Xobeh.
 10587 | D:9      | Noticed a red ugly thing
 10597 | D:9      | Killed a red ugly thing
 10833 | Lair:1   | Entered Level 1 of the Lair of Beasts
 11463 | Lair:2   | Reached XP level 12. HP: 96/106 MP: 11/11
 11729 | Lair:2   | Reached skill level 10 in Fighting
 11993 | Lair:2   | Found a staircase to the Swamp.
 12635 | D:9      | Killed a two-headed ogre
 12876 | Lair:3   | Reached skill level 15 in Axes
 12977 | Lair:3   | Found a hole to the Spider Nest.
 13125 | Lair:3   | Noticed an eight-headed hydra
 13163 | Lair:2   | Identified a scroll of acquirement
 13720 | Lair:2   | Killed an eight-headed hydra
 14482 | Lair:4   | Reached skill level 1 in Polearms
 14676 | Lair:4   | Noticed an entropy weaver
 14676 | Lair:4   | Noticed an entropy weaver
 14676 | Lair:4   | Noticed a queen ant
 14779 | Lair:3   | Killed an entropy weaver
 15206 | Lair:4   | Killed a queen ant
 15216 | Lair:4   | Reached XP level 13. HP: 74/116 MP: 12/12
 15813 | Lair:3   | Killed an entropy weaver
 18068 | Lair:6   | Entered Level 6 of the Lair of Beasts
 18778 | Lair:6   | Found a staircase to the Slime Pits.
 18779 | Lair:6   | Found a viscous altar of Jiyva.
 19447 | Lair:6   | Reached skill level 1 in Stealth
 19447 | Lair:6   | Reached XP level 14. HP: 67/127 MP: 13/13
 20882 | D:10     | Entered Level 10 of the Dungeon
 21145 | D:10     | Noticed Gastronok
 21179 | D:10     | Killed Gastronok
 21179 | D:10     | Reached skill level 15 in Shields
 21179 | D:10     | Reached skill level 1 in Evocations
 21722 | D:11     | Found a staircase to the Orcish Mines.
 21787 | Orc:1    | Entered Level 1 of the Orcish Mines
 22712 | Orc:2    | Entered Level 2 of the Orcish Mines
 23055 | Orc:2    | Found Ocwen's General Store.
 23056 | Orc:2    | Found Qeazierph's Magic Scroll Shop.
 23327 | Orc:2    | Found a staircase to the Elven Halls.
 24209 | Orc:2    | Reached XP level 15. HP: 107/137 MP: 14/14
 24460 | Orc:2    | Found Yreavipe's Antique Armour Emporium.
 24460 | Orc:2    | Found Lausiunn's Book Shoppe.
 24461 | Orc:2    | Found a one-way gate leading to the halls of Pandemonium.
 25596 | D:11     | Noticed Nergalle
 25613 | D:11     | Killed Nergalle
 26194 | D:12     | Paralysed by fainting for 9 turns
 26913 | D:13     | Reached skill level 5 in Dodging
 26981 | D:13     | Noticed Snorg
 26992 | D:13     | Killed Snorg
 27057 | D:13     | Noticed Frances
 27096 | D:14     | Found a bloodstained altar of Trog.
 28675 | D:13     | Found a gate to the Vaults.
 28776 | D:13     | Got a distressingly furry robe
 28791 | D:13     | Identified the +3 robe of Hide-and-Seek {Str+5} (You found it on level 13 of the Dungeon)
 28885 | D:13     | Killed Frances
 29000 | D:13     | Paralysed by fainting for 12 turns
 29430 | D:15     | Entered Level 15 of the Dungeon
 29602 | D:15     | Reached skill level 15 in Fighting
 30515 | D:15     | Reached XP level 16. HP: 142/149 MP: 15/15
 30565 | D:15     | Found Mone's Assorted Antiques.
 30937 | D:15     | Found a staircase to the Depths.
 31654 | Swamp:1  | Entered Level 1 of the Swamp
 31832 | Swamp:1  | Noticed Aizul
 32298 | Swamp:1  | Noticed Roxanne
 32544 | Swamp:1  | Killed Aizul
 33699 | Swamp:2  | Noticed a thorn hunter
 33717 | Swamp:2  | Killed a thorn hunter
 34746 | Swamp:4  | Entered Level 4 of the Swamp
 34917 | Swamp:4  | Reached skill level 15 in Armour
 35838 | Swamp:4  | Noticed the 27-headed Lernaean hydra
 35872 | Swamp:3  | HP: 7/151 [the 27-headed Lernaean hydra (3)]
 37136 | Swamp:4  | Got a decaying rune of Zot
 37813 | Swamp:3  | Reached XP level 17. HP: 41/158 MP: 16/16
 38484 | Swamp:1  | Killed Roxanne
 39341 | Spider:1 | Entered Level 1 of the Spider Nest
 39433 | Spider:1 | Found a frozen archway.
 39439 | IceCv    | Entered an ice cave
 40543 | IceCv    | Noticed an Ice Fiend
 40545 | IceCv    | Noticed an Ice Fiend
 40996 | IceCv    | Killed an Ice Fiend
 41019 | IceCv    | Killed an Ice Fiend
 42891 | Spider:1 | Noticed Asterion
 42904 | Spider:1 | Killed Asterion
 45272 | Spider:3 | Reached XP level 18. HP: 117/169 MP: 13/18
 45823 | Spider:4 | Entered Level 4 of the Spider Nest
 47129 | Spider:4 | Got a gossamer rune of Zot
 47905 | Vaults:1 | Entered Level 1 of the Vaults
 50064 | Vaults:2 | Found a staircase to the Crypt.
 50387 | Vaults:2 | Noticed a Tzitzimitl
 50576 | Vaults:2 | Noticed an Ice Fiend
 50579 | Vaults:2 | Reached XP level 19. HP: 158/179 MP: 17/19
 50584 | Vaults:2 | Reached skill level 10 in Dodging
 51090 | Vaults:2 | Noticed a Brimstone Fiend
 51238 | Vaults:2 | Cast into level 2 of the Abyss (a deep elf demonologist)
 51538 | Abyss:2  | Noticed a hellephant
 51565 | Abyss:2  | Killed a hellephant
 51777 | Vaults:2 | Escaped the Abyss
 53417 | Vaults:2 | Found Muphez's Antique Armour Boutique.
 54160 | Vaults:2 | Found a portal to a secret trove of treasure.
 54398 | Vaults:3 | Reached XP level 20. HP: 176/191 MP: 18/20
 54768 | Vaults:3 | HP: 2/191 [orc knight/enchanted long sword (22)]
 59411 | Crypt:1  | Entered Level 1 of the Crypt
 59468 | Crypt:1  | Reached XP level 21. HP: 194/202 MP: 21/21
 59902 | Crypt:1  | Reached skill level 1 in Spellcasting
 61834 | Crypt:2  | Noticed Bai Suzhen
 62122 | Crypt:2  | Killed Bai Suzhen
 62470 | Crypt:3  | Entered Level 3 of the Crypt
 62544 | Crypt:3  | Paralysed by a vampire knight for 3 turns
 62813 | Crypt:3  | Found a staircase to the Tomb.
 63006 | Crypt:3  | Noticed an ancient lich
 63536 | Crypt:3  | Killed an ancient lich
 64115 | Crypt:3  | Noticed Jory
 64152 | Crypt:3  | Killed Jory
 64879 | Crypt:3  | Reached XP level 22. HP: 213/213 MP: 26/26
 66182 | D:9      | Bought the +8 orange crystal plate armour {Archmagi, Int+3 Clar} for 3612 gold pieces
 67202 | Spider:3 | Got a steaming robe
 70120 | Swamp:4  | Reached skill level 5 in Polearms
 70354 | Swamp:3  | Killed the 27-headed Lernaean hydra
 71705 | Crypt:3  | Got a scorched jade ring
 71705 | Crypt:3  | Got a transparent brass ring
 71711 | Crypt:3  | Identified the ring of Sedaxus {-Tele +Inv rElec rN+ Slay+3} (You found it on level 3 of the Crypt)
 71717 | Crypt:3  | Identified the ring of Gulof {+Fly rPois rN+} (You found it on level 3 of the Crypt)
 72313 | Crypt:3  | Got a sparkling granite ring
 72834 | Crypt:3  | Identified the ring of Tareocs {rN+ Str+4} (You took it off a vampire knight on level 3 of the Crypt)
 73470 | Elf:1    | Entered Level 1 of the Elven Halls
 73486 | Elf:1    | Noticed Kirke
 73512 | Orc:2    | Killed Kirke
 73733 | Elf:1    | Reached skill level 5 in Spellcasting
 75819 | Lair:1   | Learned a level 2 spell: Passwall
 75822 | Lair:1   | Learned a level 2 spell: Swiftness
 75826 | Lair:1   | Learned a level 3 spell: Stone Arrow
 76010 | Elf:2    | Noticed Amon001's ghost (adept VSFi)
 76119 | Elf:2    | Killed Amon001's ghost
 76119 | Elf:2    | Reached skill level 1 in Earth Magic
 76171 | Elf:2    | Reached skill level 1 in Charms
 76787 | Elf:2    | Found Nucajule's Distillery.
 76811 | Elf:2    | Found Dufet's Gadget Shop.
 76820 | Elf:2    | Found Lokkoc's Armour Boutique.
 77152 | Elf:2    | Found a runed gate.
 77152 | Elf:2    | Found a runed gate.
 77152 | Elf:2    | Found a runed gate.
 77901 | Elf:2    | Reached XP level 23. HP: 203/222 MP: 27/30
 78126 | Elf:2    | Reached skill level 5 in Earth Magic
 78176 | Elf:3    | Entered Level 3 of the Elven Halls
 80079 | Elf:3    | Reached skill level 5 in Charms
 81696 | Elf:3    | Cast into level 2 of the Abyss (a deep elf demonologist)
 81852 | Abyss:2  | Identified the +4 scale mail of Tempters {rElec rPois Str+3} (You found it on level 2 of the Abyss)
 81926 | Abyss:2  | Found a corrupted altar of Lugonu.
 82238 | Elf:3    | Escaped the Abyss
 82825 | Elf:3    | Identified Kuyt's Papyrus of Gliding Heat
 82931 | Elf:3    | Identified Voeb's Catalogue of Evil Execration
 82981 | Elf:3    | Got a steaming tin amulet
 83239 | Elf:3    | Got a clouded jade amulet
 83795 | Elf:3    | Got a twitching steel amulet
 83796 | Elf:3    | Got a faintly humming troll leather armour
 85695 | Elf:2    | Paralysed by fainting for 9 turns
 85714 | Elf:2    | Got a heavily runed chain mail
 85770 | Elf:2    | Paralysed by fainting for 7 turns
 89684 | Elf:3    | Identified the amulet "Tiluim" {+Rage rF+} (You found it on level 3 of the Elven Halls)
 89686 | Elf:3    | Identified the amulet "Qabrass" {Harm *Drain rN++} (You took it off a deep elf mage on level 3 of the Elven Halls)
 90027 | Elf:3    | Identified the +3 chain mail of Weirdness {*Corrode rElec Str+4 SInv} (You found it on level 2 of the Elven Halls)
 90057 | Elf:3    | Identified the cursed +0 troll leather armour of Analysis {Regen+ Int+6} (You took it off a deep elf mage on level 3 of the Elven Halls)
 91609 | Elf:3    | Identified the amulet "Zohumyux" {Faith +Inv rElec} (You found it on level 3 of the Elven Halls)
 94241 | Orc:2    | Bought a scroll of teleportation for 48 gold pieces
 94507 | Lair:1   | Identified the +1 robe of Peek-a-Boo {Str+2 Dex+3} (You found it on level 3 of the Spider Nest)
 98191 | D:15     | Bought a tiny copper amulet for 195 gold pieces
 98212 | D:15     | Bought a scroll of identify for 78 gold pieces
 98374 | Depths:1 | Entered Level 1 of the Depths
 98374 | Depths:1 | Found a gateway to a ziggurat.
 98510 | Depths:1 | Found a one-way gate to the infinite horrors of the Abyss.
 98815 | Depths:1 | Reached XP level 24. HP: 200/231 MP: 29/32
 99176 | Depths:1 | Found a gateway to Hell.
101039 | Depths:2 | Noticed a juggernaut
101051 | Depths:2 | Killed a juggernaut
102261 | Depths:3 | Paralysed by fainting for 7 turns
102981 | Depths:3 | Reached XP level 25. HP: 238/238 MP: 35/35
103479 | Depths:4 | Reached skill level 10 in Spellcasting
105388 | Depths:4 | Found a transporter.
105459 | Depths:4 | Found a corrupted altar of Lugonu.
105638 | Depths:4 | Paralysed by accursed screaming for 1 turns
105655 | Depths:4 | Paralysed by accursed screaming for 1 turns
106336 | Depths:4 | Found a transporter.
106389 | Depths:4 | Identified the +12 triple crossbow of Zougaho {venom, rC+ Dex+3} (You found it on level 4 of the Depths)
106419 | Depths:5 | Entered Level 5 of the Depths
106534 | Depths:5 | Noticed a juggernaut
106563 | Depths:5 | Killed a juggernaut
107786 | Depths:5 | Found a gate to the Realm of Zot.
108046 | Depths:5 | Paralysed by fainting for 5 turns
108283 | Hell     | Entered the Vestibule of Hell
108285 | Hell     | Noticed Geryon
108956 | Hell     | Reached XP level 26. HP: 199/247 MP: 29/37
111026 | Hell     | Killed Geryon
111041 | Hell     | Noticed Murray
111436 | Depths:5 | Killed Murray
112058 | Hell     | Found a gateway to the ashen valley of Gehenna.
112134 | Hell     | Found a gateway to the Iron City of Dis.
112202 | Hell     | Found a gateway to the freezing wastes of Cocytus.
112552 | Hell     | Found a gateway to the decaying netherworld of Tartarus.
113503 | Depths:3 | Reached XP level 27. HP: 254/254 MP: 38/38
113709 | D:13     | Paralysed by fainting for 5 turns
113779 | Vaults:1 | Paralysed by fainting for 9 turns
113931 | Vaults:5 | Entered Level 5 of the Vaults
115106 | Vaults:4 | Gained mutation: Your spells are a little easier to cast, but a little less powerful. [a shining eye]
115127 | Vaults:5 | Noticed an ancient lich
116251 | Depths:1 | Gained mutation: You expend magic power (3 MP) to strengthen your wands. [a shining eye]
116292 | Depths:1 | Voluntarily entered the Abyss.
116342 | Abyss:1  | Found a corrupted altar of Lugonu.
116721 | Depths:1 | Escaped the Abyss
116754 | Depths:1 | Voluntarily entered the Abyss.
117172 | Abyss:1  | Found a corrupted altar of Lugonu.
117454 | Abyss:1  | Found a corrupted altar of Lugonu.
117504 | Abyss:1  | Found a corrupted altar of Lugonu.
118286 | Abyss:1  | Gained mutation: [You occasionally shout uncontrollably at your foes.] [a neqoxec]
118287 | Abyss:1  | Gained mutation: You passively map a small area around you. [a neqoxec]
118701 | Abyss:1  | Paralysed by you for 3 turns
119238 | Abyss:1  | Gained mutation: [You sometimes yell uncontrollably at your foes.] [a cacodemon]
119384 | Abyss:1  | Paralysed by accursed screaming for 1 turns
119969 | Abyss:1  | Paralysed by accursed screaming for 1 turns
119977 | Abyss:1  | HP: 3/254 [smoke demon (illusionary)/divine providence (17)]
120190 | Abyss:1  | Found a corrupted altar of Lugonu.
120406 | Abyss:1  | Gained mutation: Potions are less effective at restoring your health. [a neqoxec]
120410 | Abyss:1  | Gained mutation: Your spells are easier to cast, but less powerful. [a neqoxec]
121092 | Abyss:1  | Paralysed by accursed screaming for 1 turns
121151 | Abyss:1  | Paralysed by accursed screaming for 1 turns
121226 | Abyss:1  | Noticed an ancient lich
121245 | Abyss:1  | Killed an ancient lich
121505 | Abyss:1  | Found a corrupted altar of Lugonu.
121559 | Abyss:1  | Paralysed by accursed screaming for 1 turns
121650 | Abyss:1  | HP: 4/254 [smoke demon/divine providence (15)]
121657 | Abyss:1  | HP: 2/254 [smoke demon/divine providence (10)]
121667 | Abyss:1  | Killed from afar by a starcursed mass

Skill      XL: |  1  2  3  4  5  6  7  8  9 10 11 12 13 14 15 16 17 18 19 20 21 22 23 24 25 26 27 |
---------------+----------------------------------------------------------------------------------+-----
Fighting       | 4 5 6 7 8 9 11 12 13 15 16 17 18 19 20 21 22 | 22.2
Shields        | 4 5 6 7 9 11 12 13 14 15 17 18 20 21 22 23 24 25 | 25.2
Axes           | 3 4 5 6 7 9 10 12 14 15 16 17 18 19 20 21 22 23 26 | 26.7
Armour         | 4 5 6 7 8 9 10 12 13 14 15 16 17 19 21 23 26 | 26.8
Dodging        | 1 2 4 5 7 8 9 10 11 12 | 12.3
Polearms       | 1 3 4 5 |  5.4
Stealth        | 1 2 3 4 |  4.4
Evocations     | 1 |  1.9
Spellcasting   | 3 5 7 9 11 12 | 12.7
Earth Magic    | 4 8 |  8.0
Charms         | 3 7 |  7.1

Action                   |  1- 3 |  4- 6 |  7- 9 | 10-12 | 13-15 | 16-18 | 19-21 | 22-24 | 25-27 || total
-------------------------+-------+-------+-------+-------+-------+-------+-------+-------+-------++-------
Melee: War axe           |   102 |   148 |   349 |   638 |  1575 |  1943 |  1243 |     4 |       ||  6002
       Headbutt          |    15 |    16 |    93 |   156 |   423 |   650 |   746 |   768 |   982 ||  3849
       Trident           |       |       |       |    20 |    45 |   107 |       |    66 |       ||   238
       Broad axe         |       |       |       |       |     7 |   117 |  1042 |  2536 |  2999 ||  6701
 Cast: Passwall          |       |       |       |       |       |       |       |     3 |       ||     3
       Stone Arrow       |       |       |       |       |       |       |       |     1 |       ||     1
       Swiftness         |       |       |       |       |       |       |       |       |     2 ||     2
 Abil: Evoke Flight      |       |       |       |       |       |       |       |     3 |       ||     3
Evoke: Wand              |       |       |     1 |     4 |     4 |    10 |       |       |     1 ||    20
       Lightning rod     |       |       |       |       |       |     4 |       |     4 |     4 ||    12
       Phial of floods   |       |       |       |       |       |       |       |     2 |       ||     2
       Lamp of fire      |       |       |       |       |       |       |       |       |     1 ||     1
  Use: Scroll            |       |     1 |    11 |     3 |    25 |    12 |     6 |    15 |     7 ||    80
       Potion            |       |       |     2 |     1 |       |    10 |     7 |     1 |    12 ||    33
 Stab: Petrified         |       |       |       |       |     8 |       |       |       |       ||     8
       Confused          |       |       |       |       |       |     4 |       |       |     1 ||     5
       Distracted        |       |       |       |       |       |       |     2 |     2 |     2 ||     6
       Paralysed         |       |       |       |       |       |       |       |       |     2 ||     2
  Eat: Chunk             |     2 |     6 |    13 |    23 |    33 |    26 |    15 |    37 |    23 ||   178
       Fruit             |       |     2 |     1 |       |     2 |       |     6 |    17 |     4 ||    32
       Royal jelly       |       |       |       |     1 |     7 |     3 |     2 |     9 |     2 ||    24
       Bread ration      |       |       |       |       |       |     7 |     3 |     5 |     4 ||    19
       Meat ration       |       |       |       |       |       |     1 |     2 |     6 |     3 ||    12
Armor: Scale mail        |    32 |       |       |       |       |       |       |       |       ||    32
       Plate armour      |    16 |    90 |   126 |   217 |   181 |       |       |       |       ||   630
       Ring mail         |       |       |    23 |       |       |       |       |       |       ||    23
       Pearl dragon scal |       |       |       |       |   289 |  1056 |   708 |    66 |       ||  2119
       Ice dragon scales |       |       |       |       |       |    37 |       |       |       ||    37
       Crystal plate arm |       |       |       |       |       |       |       |  1048 |  1647 ||  2695
Dodge: Dodged            |    35 |    21 |    75 |   131 |   491 |  1149 |  1099 |   849 |  1206 ||  5056
Block: Shield            |    52 |    22 |       |    82 |  1111 |  2148 |  2002 |  2342 |  2995 || 10754
       Large shield      |       |    99 |   338 |   445 |       |       |       |       |       ||   882
